Description

Easy All-In vs Any Race

Build Order

Get SALT Encoding   

  14  0:17  Pylon  Power Ramp to Natural
  15  0:34  Gateway  Start Wall-off at Ramp
  16  0:43  Assimilator  Right After Gateway
  19  1:21  Nexus  Stop Probe Production
  19  1:32  Cybernetics Core  Leave 1 Block Space in Walloff
  19  1:37  Assimilator  Resume Probe Production
  20  1:47  Pylon  At Expansion
  22  2:11  Adept (Chrono Boost), Warp Gate, Mothership Core  
  26  2:32  Adept  
  30  2:43  Robotics Facility  @150 Gas
  36  3:00  Stalker  
  38  3:15  Pylon  Expansion
  40  3:27  Stalker  
  44  3:33  Observer x2  @Robo Finish
  46  3:44  Gateway x2  @12 Probe
  49  3:53  Pylon  Main Mineral Line
  53  4:02  Stalker  Start Warping Them In Constantly
  53  4:08  Robotics Bay, Assimilator x2  @16 Probe, @16 Probe
  56  4:24  Pylon  
  58  4:40  Warp Gate  Turn Gates into Warpgates
  60  4:47  Pylon  
  60  4:48  Stalker x3  Full Sat. Cut Probes
  70  5:07  Extended Thermal Lance (Chrono Boost), Colossus (Chrono Boost)  @RoboBay
  72  5:26  Adept x3  
  78  5:41  Pylon x3  
  78  5:49  Stalker x3  
  90  6:00  Colossus  
  90  6:10  Gateway x3  
  90  6:15  Sentry x3  
  96  6:35  Pylon x2  
  102  6:45  Colossus  
  108  7:17  Pylon x2  
  108  7:25  Stalker x6  
  120  7:33  Warp Prism  Move Out 7:40
Spawning Tool Build Advisor. Get it on Overwolf

Analysis

You could try to transition if you do a lot of damage but don't kill. You should modify it to get some upgrades if you go that route though, this is for a early timing all-in.

Go to:

Details

  • Created by: TheGriefKing
  • Published on: Aug 28, 2017
  • Modified on: Aug 30, 2017
  • Patch: 3.8.0
Show
View Real Time Build Order
Export as new Build Order

Comments (0)

There are no comments. Be the first!

Create an account to comment!